 Dungeon Crawl Stone Soup version 0.01-2115-ge649c80b0b (webtiles) character file.

Game seed: 10502611562481887304, levelgen mode: deterministic

1478 Lanoc the Fighter (level 8, -7/75 HPs) Green Draconian Demonspawn. Began on June 9, 2020. Mangled by a yak (14 damage) ... on level 4 of the Dungeon. The game lasted 00:05:59 (1446 turns).

Lanoc the Fighter (Green Draconian Demonspawn)      Turns: 1446, Time: 00:06:00

Health: -7/75      AC:  9    Str: 17    XL:     8 ^: 686
Magic:  12/12      EV: 15    Int: 12    God:
Gold:   111        SH:  0    Dex: 13    Spells: 11/12 levels left

rFire    . . .     Vision   .   a - +0 long sword
rCold    . . .     Gourm    .   (no weapon)
rNeg     . . .     Faith    .   (armour unavailable)
rPois    +         Spirit   .   (helmet restricted)
rElec    .         Reflect  .   (no cloak)
rCorr    .         Harm     .   (no gloves)
MR       +....                  (no boots)
Stlth    ++........             (no amulet)
HPRegen  0.35/turn              d - ring of wizardry
MPRegen  0.22/turn              e - ring of protection from magic

@: short of breath
A: no body armour, unfitting armour, talons 1, yellow scales 1, powered by pain
1, cold-blooded, poison enhancer 1, rPois, AC +7
a: Breathe Noxious Fumes


You were on level 4 of the Dungeon.
You were hungry.

You visited 1 branch of the dungeon, and saw 4 of its levels.

You collected 111 gold pieces.

Inventory:

Weapons
 a - a +0 long sword (weapon)
Jewellery
 d - a ring of wizardry (left hand)
 e - a ring of protection from magic (right hand)
Wands
 g - a wand of disintegration (11)
Scrolls
 b - a scroll of teleportation
 j - 2 scrolls of enchantment
Potions
 f - 2 potions of agility
 h - a potion of curing
 k - a potion of haste
 l - a potion of cancellation
 m - a potion of ambrosia
Comestibles
 c - 8 rations
 i - a chunk of flesh


   Skills:
 + Level 8.6 Fighting
 - Level 1.5 Long Blades
 + Level 6.2 Dodging
 - Level 1.3 Stealth
 - Level 2.6 Spellcasting
   Level 3.0 Invocations


You had 11 spell levels left.
You knew the following spells:

 Your Spells              Type           Power        Failure   Level  Hunger
a - Flame Tongue          Fire           1 (40)       11%         1    #......

Your spell library contained the following spells:

 Spells                   Type           Power        Failure   Level  Hunger
 Blink                    Tloc           N/A          16%         2    ###....
 Call Imp                 Summ           1 (100)      16%         2    ###....
 Slow                     Hex            1 (100)      16%         2    ###....
 Conjure Flame            Fire           1 (100)      28%         3    ###....
 Mephitic Cloud           Pois/Air       2 (100)      28%         3    ###....


Dungeon Overview and Level Annotations

Branches:
Dungeon (4/8)
 Temple: D:4

Altars:

Shops:
D:3 [

Annotations:
D:3 1 runed translucent door


Innate Abilities, Weirdness & Mutations

You cannot fit into any form of body armour.
Your lurid green scales are hard. (AC +7)
You can breathe clouds of noxious fumes.
You have sharp toenails.
You are partially covered in yellow scales. (AC +2)
You sometimes gain a little power by taking damage.
You are cold-blooded and may be slowed by cold attacks.
You are in touch with the powers of venom.
Your lurid green scales grant you resistance to poison. (rPois)


Message History

The yak is severely wounded. (14/43) HP You hit the yak but do no damage.
You claw the yak, but do no damage.
You tail-slap the yak, but do no damage.
The yak is severely wounded. (14/43) HP The yak is engulfed in noxious fumes.
The yak appears confused.
The yak gores you (12)!
* * * LOW HITPOINT WARNING * * *
You hit the yak (2).
The yak is severely wounded. (11/43) HP You hit the yak (1).
The yak is severely wounded. (10/43) HP The yak barely misses you (0).
You riposte.
You hit the yak (4).
The yak is almost dead. (6/43) HP Unknown command.
You hit the yak (3).
The yak is almost dead. (3/43) HP You hit the yak but do no damage.
You claw the yak, but do no damage.
The yak is almost dead. (3/43) HP The yak gores you (14)!
You die...

#.##.##.##.###.####
#.##.##.##.###.....
#.##.##.##.##......
#..........##.#####
#.##.####..##.###
#.#..# #.>.....#
#....##.....###.#
#####Y#..[....# ...
#.Y#@.###...#.# ##.
#..#†)# ##..#..
#..'..# #..###.
#..#.%# #... ..
#..#%%# #.## ..
#######


You could see 2 yaks.

Vanquished Creatures
  A human (D:4)
  2 hogs (D:4)
  Purgy (D:2)
  2 porcupines
  An ogre (D:3)
  A big kobold (D:2)
  A scorpion (D:3)
  A hornet zombie (D:3)
  4 hounds
  4 jellies
  2 orc wizards (D:3)
  2 iguanas
  2 worker ants (D:3)
  A wyvern skeleton (D:3)
  A bullfrog zombie (D:3)
  3 bullfrog skeletons
  3 adders
  7 cinder newts
  A worm (D:2)
  A howler monkey skeleton (D:3)
  3 oozes
  2 dart slugs (D:1)
  3 leopard geckos
  7 orcs
  8 bats
  5 giant cockroaches
  5 goblins (D:1)
  2 hobgoblins (D:1)
  A jackal (D:4)
  A quokka (D:3)
  4 ball pythons
  A bat skeleton (D:2)
  4 kobolds
  An orc skeleton (D:2)
  4 rats (D:1)
92 creatures vanquished.

Vanquished Creatures (others)
  A bat (D:2)
  A bat skeleton (D:2)
2 creatures vanquished.

Grand Total: 94 creatures vanquished

Notes
Turn   | Place    | Note
-------+----------+-------------------------------------------
     0 | D:1      | Lanoc the Immature Draconian Demonspawn began the quest for
                  | the Orb.
     0 | D:1      | Reached XP level 1. HP: 18/18 MP: 4/4
    75 | D:1      | Reached skill level 3 in Fighting
    75 | D:1      | Gained mutation: You are partially covered in yellow
                  | scales. (AC +2) [demonic ancestry]
    75 | D:1      | Reached XP level 2. HP: 22/26 MP: 5/5
   188 | D:1      | Gained mutation: You sometimes gain a little power by
                  | taking damage. [demonic ancestry]
   188 | D:1      | Reached XP level 3. HP: 31/31 MP: 7/7
   417 | D:2      | Reached skill level 4 in Fighting
   417 | D:2      | Reached XP level 4. HP: 30/40 MP: 6/8
   445 | D:2      | Noticed a big kobold
   455 | D:2      | Gained mutation: You have sharp toenails. [demonic
                  | ancestry]
   455 | D:2      | Reached XP level 5. HP: 47/47 MP: 6/9
   461 | D:2      | Reached skill level 5 in Fighting
   639 | D:2      | Noticed Purgy
   651 | D:2      | Killed Purgy
   651 | D:2      | Reached XP level 6. HP: 36/57 MP: 5/10
   755 | D:3      | Found a runed translucent door.
   784 | D:3      | Reached skill level 6 in Fighting
   790 | D:3      | Your scales start taking on a lurid green colour.
   790 | D:3      | Reached XP level 7. HP: 45/63 MP: 11/11
   790 | D:3      | Gained mutation: Your lurid green scales grant you
                  | resistance to poison. (rPois) [Green Draconian growth]
   790 | D:3      | Gained mutation: You are in touch with the powers of venom.
                  | [Green Draconian growth]
  1093 | D:3      | Reached skill level 5 in Dodging
  1130 | D:3      | Reached skill level 7 in Fighting
  1182 | D:3      | Found Xucvoh's Antique Armour Emporium.
  1310 | D:4      | Reached XP level 8. HP: 62/74 MP: 12/12
  1427 | D:4      | Reached skill level 8 in Fighting
  1446 | D:4      | Mangled by a yak

Levels and vault maps discovered:
D:1:      lightli_arrival_isolated_outpost, layout_loops_corners
D:2:      layout_sewer, first_ration, minmay_quantized, uniq_natasha,
          uniq_jessica, uniq_purgy
D:3:      ossuary_the_hunt_dpeg, layout_layer_cave, serial_shops, shop,
          hangedman_decor_clover_reticule, uniq_duvessa
D:4:      layout_loops_ring, minmay_temple_entry_glass, grunt_livestock,
          uniq_maggie

Skill      XL: |  1  2  3  4  5  6  7  8 |
---------------+-------------------------+-----
Fighting       | 3 4 5 6 7 8 |  8.6
Dodging        | 3 4 5 6 |  6.2
Long Blades    | |  1.5
Stealth        | |  1.3
Spellcasting   | |  2.6
Invocations    | |  3.0

Action                   |  1- 3 |  4- 6 |  7- 9 || total
-------------------------+-------+-------+-------++-------
Melee: Long sword        |    59 |    38 |   117 ||   214
       Unarmed           |    41 |    34 |    99 ||   174
       Tailslap          |     4 |     5 |    22 ||    31
       Kick              |       |    14 |    51 ||    65
 Cast: Flame Tongue      |     1 |    30 |       ||    31
 Abil: Breathe Dart      |       |     4 |       ||     4
       Breathe Noxious F |       |       |     6 ||     6
 Stab: Sleeping          |     3 |     1 |     1 ||     5
       Confused          |       |       |    10 ||    10
       Distracted        |       |       |     1 ||     1
  Eat: Chunk             |       |     1 |     4 ||     5
Armor: Skin              |    29 |    21 |    44 ||    94
Dodge: Dodged            |    71 |    63 |    84 ||   218
       Rpst.: Long sword |    23 |    19 |    31 ||    73
       Unarmed           |    19 |    16 |    30 ||    65
